 Dungeon Crawl Stone Soup version 0.23.0-33-g5e6c059 (webtiles) character file.

Game seed: 3948030362365500498

142 ohad the Changer (level 5, -1/33 HPs)
             Began as an Octopode Transmuter on Feb 26, 2019.
             Slain by a gnoll (8 damage)
             ... on level 3 of the Dungeon.
             The game lasted 00:06:49 (3425 turns).

ohad the Changer (Octopode Transmuter)              Turns: 3425, Time: 00:06:50

Health: -1/33      AC:  2    Str:  9    XL:     5   Next: 24%
Magic:  5/8        EV: 19    Int: 17    God:
Gold:   161        SH:  0    Dex: 17    Spells: 2/8 levels left

rFire    . . .     SeeInvis .     - Unarmed
rCold    . . .     Gourm    .   (shield currently unavailable)
rNeg     . . .     Faith    .   (helmet currently unavailable)
rPois    .         Spirit   .   (no amulet)
rElec    .         Reflect  .   q - ring of poison resistance
rCorr    .         Harm     .   (no ring)
MR       .....                  (no ring)
Stlth    ++........             (no ring)
HPRegen  0.11/turn              (no ring)
MPRegen  0.11/turn              (no ring)
                                (no ring)
                                (no ring)

@: lethally poisoned (-1 -> -2), spider-form
A: tiny, almost no armour, stealthy swim, (amphibious), 8 rings, (constrict 8)
a: End Transformation


You were on level 3 of the Dungeon.
You were not hungry.
You were a venomous arachnid creature.
You visited 1 branch of the dungeon, and saw 4 of its levels.

You collected 161 gold pieces.

Inventory:

Missiles
 a - 21 arrows
 l - 5 tomahawks (quivered)
 m - 14 poisoned needles
 n - 2 javelins
 t - a throwing net
Magical Staves
 w - an uncursed staff of poison
Jewellery
 q - a ring of poison resistance (left front leg)
 s - an uncursed ring of ice
Wands
 v - a wand of clouds (7)
Scrolls
 b - 3 scrolls of remove curse {unknown}
 f - a scroll of noise {unknown}
 h - 2 scrolls of enchant weapon {unknown}
 i - a scroll of magic mapping {unknown}
 j - a scroll of fog {unknown}
 k - 6 scrolls of identify {unknown}
 r - 2 scrolls of enchant armour {unknown}
Potions
 d - 3 potions of mutation {unknown}
 e - 2 potions of heal wounds {unknown}
 g - a potion of invisibility {unknown}
 o - a potion of lignification {unknown}
 p - 2 potions of agility {unknown}
Comestibles
 c - 7 rations
 u - 3 chunks of flesh


   Skills:
 - Level 1.0 Fighting
 - Level 2.0 Dodging
 - Level 3.0 Unarmed Combat
 - Level 2.0 Spellcasting
 + Level 5.3 Transmutations


You had 2 spell levels left.
You knew the following spells:

 Your Spells              Type           Power        Failure   Level  Hunger
a - Beastly Appendage     Tmut           ###...       9%          1    #......
b - Sticks to Snakes      Tmut           ###.....     11%         2    ###....
c - Spider Form           Tmut/Pois      ##........   41%         3    ###....

Your spell library contained the following spells:

 Spells                   Type           Power        Failure   Level  Hunger
 Blade Hands              Tmut           ###.......   73%         5    ######.
 Ice Form                 Ice/Tmut       ##......     75%         4    #####..


Dungeon Overview and Level Annotations

Branches:
Dungeon (4/15)
 Temple: D:4-7

Altars:
Elyvilon
Okawaru
Trog
Xom

Annotations:
D:4 3 runed translucent doors, lapinsky's ghost, novice HOFi


Innate Abilities, Weirdness & Mutations

You cannot wear most types of armour.
You are very stealthy in the water. (Stealth+)
((You are amphibious.))
You can wear up to eight rings at the same time.
((You can use your tentacles to constrict eight enemies at once.))
((Your skin changes colour to match your surroundings (Stealth+).))
((Your rubbery body absorbs attacks. (AC +1, EV +1)))


Message History

Your tentacle spike disappears.
You turn into a venomous arachnid creature.
The frilled lizard completely misses you.
Unknown command.
You hit the frilled lizard.
You kill the frilled lizard!
You hit the gnoll.
The gnoll is poisoned.
The gnoll is lightly wounded.
You feel sick. The gnoll completely misses you.
You hit the gnoll but do no damage.
The gnoll is lightly wounded.
The gnoll completely misses you.
You hit the gnoll.
The gnoll looks as sick as possible!
The gnoll is moderately wounded.
The gnoll barely misses you.
Unknown command.
You hit the gnoll but do no damage.
The gnoll looks as sick as possible!
The gnoll is heavily wounded.
The gnoll hits you!
You die...

#.# ####.# #..# #.# #....#
##.## #.# #.#### #..#
#.#####.### #..######
#.##......# #.......#
#.##.##.#.# ##.####.#
#.##.##.#.# #.##.#.#
#.##....#.# #g#..#.#####
#.#######.### #s#..#.....#
#.# #...# ###..#####.# #.#
###.######........#
..#########.#......########
####.....##.#.######
...#.###.##.#.#######
...)........#.......#
.......#.#########.##
.......#.........#.#


You could see a gnoll.

Vanquished Creatures
  A gnoll (D:1)
  3 adders (D:3)
  An ooze (D:3)
  3 worms
  3 dart slugs
  An orc (D:2)
  3 giant cockroaches
  8 goblins
  5 hobgoblins
  19 jackals
  4 ball pythons
  5 bats
  11 frilled lizards
  10 kobolds
  12 rats
89 creatures vanquished.

Notes
Turn   | Place    | Note
-------+----------+-------------------------------------------
     0 | D:1      | ohad the Octopode Transmuter began the quest for the Orb.
     0 | D:1      | Reached XP level 1. HP: 13/13 MP: 3/3
    75 | D:1      | Reached XP level 2. HP: 16/18 MP: 3/5
    76 | D:1      | Reached skill level 3 in Transmutations
   187 | D:1      | Reached XP level 3. HP: 23/23 MP: 4/6
  1011 | D:2      | Found a shimmering altar of Xom.
  1013 | D:2      | Found a shimmering altar of Xom.
  1016 | D:2      | Found a shimmering altar of Xom.
  1019 | D:2      | Reached skill level 4 in Transmutations
  1231 | D:1      | Learned a level 2 spell: Sticks to Snakes
  1235 | D:1      | Learned a level 3 spell: Spider Form
  1681 | D:2      | Reached XP level 4. HP: 28/28 MP: 4/7
  1930 | D:2      | Found a bloodstained altar of Trog.
  2945 | D:3      | Found an iron altar of Okawaru.
  2945 | D:3      | Found a white marble altar of Elyvilon.
  3039 | D:4      | Found a runed translucent gate.
  3039 | D:4      | Found a runed translucent gate.
  3039 | D:4      | Found a runed translucent gate.
  3039 | D:4      | Noticed lapinsky's ghost (novice HOFi)
  3113 | D:4      | Reached skill level 5 in Transmutations
  3121 | D:4      | Reached XP level 5. HP: 28/33 MP: 8/8
  3425 | D:3      | Slain by a gnoll

Skill      XL: |  1  2  3  4 |
---------------+-------------+-----
Transmutations | 3 4 5 |  5.3
Fighting       | |  1.0
Dodging        | |  2.0
Unarmed Combat | |  3.0
Spellcasting   | |  2.0

Action                   |  1- 3 |  4- 6 || total
-------------------------+-------+-------++-------
Melee: Unarmed           |    83 |   125 ||   208
       Constrict         |    23 |    27 ||    50
       Kick              |    13 |     3 ||    16
       Tentacles         |    13 |    15 ||    28
       Punch             |       |     1 ||     1
 Cast: Beastly Appendage |    14 |     7 ||    21
       Spider Form       |     2 |     5 ||     7
       Sticks to Snakes  |       |     1 ||     1
 Stab: Sleeping          |    11 |     3 ||    14
       Distracted        |     1 |       ||     1
  Eat: Chunk             |     3 |     7 ||    10
Armor: Skin              |     3 |    11 ||    14
Dodge: Dodged            |    55 |    87 ||   142
